| TOP OF THE 1ST |
|
Sacramento River Cats batting - Pitching for Memphis Redbirds : RHP Josh Weinmann
|
|
Pitching: RHP Josh Weinmann
|
|
|
Batting: SHB Danny Garcia
|
0-0: Foul Ball, location: 2F 0-1: Called Strike 0-2: Strikes out looking
|
|
Batting: RHB Hugo Zacarias
|
0-0: Ball 1-0: Swinging Strike 1-1: Ground out 4-3 (Groundball, 4, EV 106.9 MPH)
|
|
Batting: LHB Juan Gonzalez
|
0-0: Swinging Strike 0-1: Swinging Strike 0-2: Foul Ball, location: 2F 0-2: Strikes out swinging
|
| Top of the 1st over - 0 runs, 0 hits, 0 errors, 0 left on base; Sacramento 0 - Memphis 0 |
| BOTTOM OF THE 1ST |
|
Memphis Redbirds batting - Pitching for Sacramento River Cats : RHP Luis Herrera
|
|
Pitching: RHP Luis Herrera
|
|
|
Batting: SHB Luke Robbins
|
0-0: Called Strike 0-1: Ball 1-1: Foul Ball, location: 2F 1-2: Ball 2-2: SINGLE (Groundball, 25, EV 61.9 MPH) (infield hit)
|
|
Batting: LHB Tom Butterbaugh
|
Pickoff Throw to First - Out! 1-3 0-0: Ball 1-0: Foul Ball, location: 2F 1-1: Foul Ball, location: 2F 1-2: Ball 2-2: Foul Ball, location: 2F 2-2: Ground out 6-3 (Groundball, 6, EV 97.5 MPH)
|
|
Batting: LHB Melvin Salgado
|
0-0: Foul Ball, location: 2F 0-1: Foul Ball, location: 2F 0-2: Ball 1-2: SOLO HOME RUN (Flyball, 89XD, EV 106.3 MPH), Distance : 413 ft
|
|
Batting: RHB Josh Hoeye
|
0-0: Called Strike 0-1: Ball 1-1: Swinging Strike 1-2: Strikes out swinging
|
| Bottom of the 1st over - 1 run, 2 hits, 0 errors, 0 left on base; Sacramento 0 - Memphis 1 |
| TOP OF THE 2ND |
|
Sacramento River Cats batting - Pitching for Memphis Redbirds : RHP Josh Weinmann
|
|
Batting: LHB Nick Swank
|
0-0: Foul Ball, location: 2F 0-1: Ball 1-1: Foul Ball, location: 2F 1-2: Ball 2-2: Ground out 4-3 (Groundball, 4, EV 103.1 MPH)
|
|
Batting: LHB Fred Arends
|
0-0: Swinging Strike 0-1: Ground out 6-3 (Groundball, 6M, EV 98.1 MPH)
|
|
Batting: RHB Roberto Duron
|
0-0: Ground out 3-1 (Groundball, 13, EV 88.1 MPH)
|
| Top of the 2nd over - 0 runs, 0 hits, 0 errors, 0 left on base; Sacramento 0 - Memphis 1 |
| BOTTOM OF THE 2ND |
|
Memphis Redbirds batting - Pitching for Sacramento River Cats : RHP Luis Herrera
|
|
Batting: RHB Nick Gentzel
|
0-0: Foul Ball, location: 2F 0-1: Ball 1-1: Ball 2-1: Ground out 6-3 (Groundball, 6, EV 108.1 MPH)
|
|
Batting: SHB Quido van Erp
|
0-0: Ball 1-0: Ground out U3 (Groundball, 3, EV 86.3 MPH)
|
|
Batting: RHB Roberto Lemus
|
0-0: Swinging Strike 0-1: Ball 1-1: Fly out, F3 (Popup, 3S, EV 75.6 MPH)
|
| Bottom of the 2nd over - 0 runs, 0 hits, 0 errors, 0 left on base; Sacramento 0 - Memphis 1 |
| TOP OF THE 3RD |
|
Sacramento River Cats batting - Pitching for Memphis Redbirds : RHP Josh Weinmann
|
|
Batting: SHB Jason Spradling
|
0-0: Ball 1-0: Ball 2-0: Ground out 6-3 (Groundball, 6, EV 98.1 MPH)
|
|
Batting: RHB John Shaffer
|
0-0: Foul Ball, location: 2F 0-1: Ball 1-1: Swinging Strike 1-2: Ground out 4-3 (Groundball, 4, EV 95.0 MPH)
|
|
Batting: RHB Martin Guerrero
|
0-0: Called Strike 0-1: Swinging Strike 0-2: Ball 1-2: Strikes out swinging
|
| Top of the 3rd over - 0 runs, 0 hits, 0 errors, 0 left on base; Sacramento 0 - Memphis 1 |
| BOTTOM OF THE 3RD |
|
Memphis Redbirds batting - Pitching for Sacramento River Cats : RHP Luis Herrera
|
|
Batting: RHB Colin Boddy
|
0-0: Called Strike 0-1: Ball 1-1: Fly out, F4 (Flyball, 4D, EV 86.9 MPH)
|
|
Batting: RHB Tony Mendez
|
0-0: Called Strike 0-1: Ball 1-1: Fly out, F7 (Flyball, 7LD, EV 102.5 MPH)
|
|
Batting: SHB Luke Robbins
|
0-0: Ball 1-0: Fly out, F6 (Flyball, 6D, EV 88.8 MPH)
|
| Bottom of the 3rd over - 0 runs, 0 hits, 0 errors, 0 left on base; Sacramento 0 - Memphis 1 |
| TOP OF THE 4TH |
|
Sacramento River Cats batting - Pitching for Memphis Redbirds : RHP Josh Weinmann
|
|
Batting: SHB Danny Garcia
|
0-0: Ball 1-0: Ball 2-0: Ground out 4-3 (Groundball, 4D, EV 81.9 MPH)
|
|
Batting: RHB Hugo Zacarias
|
0-0: Ball 1-0: Ball 2-0: Called Strike 2-1: Ball 3-1: Foul Ball, location: 2F 3-2: SINGLE (Groundball, 6M, EV 96.9 MPH) (infield hit)
|
|
Batting: LHB Juan Gonzalez
|
0-0: Ball 1-0: Ball 2-0: Swinging Strike 2-1: Foul Ball, location: 2F 2-2: Ball 3-2: Foul Ball, location: 2F 3-2: Foul Ball, location: 2F 3-2: Strikes out swinging Hugo Zacarias steals 2nd base (no throw) Batter strikes out.
|
|
Batting: LHB Nick Swank
|
0-0: Ball 1-0: Foul Ball, location: 2F 1-1: 2-RUN HOME RUN (Line Drive, 7D, EV 95.0 MPH), Distance : 376 ft
|
|
Batting: LHB Fred Arends
|
0-0: Ball 1-0: Ball 2-0: Ball 3-0: Fly out, F9 (Flyball, 9, EV 78.1 MPH)
|
| Top of the 4th over - 2 runs, 2 hits, 0 errors, 0 left on base; Sacramento 2 - Memphis 1 |
| BOTTOM OF THE 4TH |
|
Memphis Redbirds batting - Pitching for Sacramento River Cats : RHP Luis Herrera
|
|
Batting: LHB Tom Butterbaugh
|
0-0: Called Strike 0-1: Ball 1-1: Ball 2-1: Ground out U3 (Groundball, 34S, EV 91.9 MPH)
|
|
Batting: LHB Melvin Salgado
|
0-0: Ball 1-0: Ball 2-0: Ball 3-0: Base on Balls
|
|
Batting: RHB Josh Hoeye
|
0-0: Ball Wild Pitch! Melvin Salgado to second 1-0: Foul Ball, location: 2F 1-1: Foul Ball, location: 2F 1-2: Foul Ball, location: 2F 1-2: Ball 2-2: Ground out 5-3 (Groundball, 56, EV 83.8 MPH)
|
|
Batting: RHB Nick Gentzel
|
0-0: Called Strike 0-1: SINGLE (Groundball, 6MD, EV 110.6 MPH) Melvin Salgado to third Runner from 3rd tries for Home, SAFE, throw by CF to home Nick Gentzel to second
|
|
Batting: SHB Quido van Erp
|
0-0: Ball 1-0: Ball 2-0: Called Strike 2-1: SINGLE (Groundball, 56, EV 80.0 MPH) (infield hit) Nick Gentzel to third
|
|
Batting: RHB Roberto Lemus
|
0-0: Called Strike 0-1: Foul Ball, location: 2F 0-2: Ball 1-2: Ball 2-2: Foul Ball, location: 2F 2-2: Fielders Choice at 2nd, 6-4 (Groundball, 6, EV 97.5 MPH)
|
| Bottom of the 4th over - 1 run, 2 hits, 0 errors, 2 left on base; Sacramento 2 - Memphis 2 |
| TOP OF THE 5TH |
|
Sacramento River Cats batting - Pitching for Memphis Redbirds : RHP Josh Weinmann
|
|
Batting: RHB Roberto Duron
|
0-0: Ball 1-0: Called Strike 1-1: Called Strike 1-2: Foul Ball, location: 2F 1-2: Ball 2-2: Strikes out swinging
|
|
Batting: SHB Jason Spradling
|
0-0: Swinging Strike 0-1: Swinging Strike 0-2: Strikes out swinging
|
|
Batting: RHB John Shaffer
|
0-0: Ball 1-0: Ground out 5-3 (Groundball, 56S, EV 73.1 MPH)
|
| Top of the 5th over - 0 runs, 0 hits, 0 errors, 0 left on base; Sacramento 2 - Memphis 2 |
| BOTTOM OF THE 5TH |
|
Memphis Redbirds batting - Pitching for Sacramento River Cats : RHP Luis Herrera
|
|
Batting: RHB Colin Boddy
|
0-0: Called Strike 0-1: Ball 1-1: Ball 2-1: Fly out, F9 (Flyball, 9, EV 98.1 MPH)
|
|
Batting: RHB Tony Mendez
|
0-0: Ball 1-0: Ground out 5-3 (Groundball, 56, EV 85.0 MPH)
|
|
Batting: SHB Luke Robbins
|
0-0: Ball 1-0: DOUBLE (Flyball, 8LD, EV 107.5 MPH)
|
|
Batting: LHB Tom Butterbaugh
|
0-0: Ball 1-0: Ball 2-0: Called Strike 2-1: Foul Ball, location: 2F 2-2: Ball 3-2: Foul Ball, location: 2F 3-2: DOUBLE (Line Drive, 5D, EV 98.8 MPH) Luke Robbins scores
|
|
Batting: LHB Melvin Salgado
|
0-0: Called Strike 0-1: Ball 1-1: Ball 2-1: Fly out, F3 (Line Drive, 3, EV 66.9 MPH)
|
| Bottom of the 5th over - 1 run, 2 hits, 0 errors, 1 left on base; Sacramento 2 - Memphis 3 |
| TOP OF THE 6TH |
|
Sacramento River Cats batting - Pitching for Memphis Redbirds : RHP Josh Weinmann
|
|
Batting: RHB Martin Guerrero
|
0-0: Called Strike 0-1: Called Strike 0-2: Strikes out swinging
|
|
Batting: SHB Danny Garcia
|
0-0: Ball 1-0: Foul Ball, location: 2F 1-1: Swinging Strike 1-2: Foul Ball, location: 2F 1-2: SINGLE (Groundball, 4MD, EV 101.3 MPH)
|
|
Batting: RHB Hugo Zacarias
|
0-0: Called Strike 0-1: Called Strike 0-2: Ball 1-2: SINGLE (Groundball, 34D, EV 94.4 MPH) Danny Garcia to second Runner from 2nd tries for 3rd, SAFE, no throw by RF
|
|
Batting: LHB Juan Gonzalez
|
0-0: Ball 1-0: Ball 2-0: Called Strike 2-1: Foul Ball, location: 2F 2-2: Foul Ball, location: 2F 2-2: Grounds into double play, 1-4-3 (Groundball, 15S, EV 65.6 MPH)
|
| Top of the 6th over - 0 runs, 2 hits, 0 errors, 1 left on base; Sacramento 2 - Memphis 3 |
| BOTTOM OF THE 6TH |
|
Memphis Redbirds batting - Pitching for Sacramento River Cats : RHP Luis Herrera
|
|
Batting: RHB Josh Hoeye
|
0-0: Foul Ball, location: 2F 0-1: Ball 1-1: Ball 2-1: Ball 3-1: Base on Balls
|
|
Batting: RHB Nick Gentzel
|
0-0: Ball 1-0: Ball 2-0: Ball 3-0: Base on Balls Josh Hoeye to second
|
|
Batting: SHB Quido van Erp
|
0-0: Called Strike 0-1: Ball 1-1: Foul Ball, location: 2F 1-2: Strikes out swinging
|
|
Batting: RHB Roberto Lemus
|
0-0: Ball 1-0: Called Strike 1-1: Ball Wild Pitch! Josh Hoeye to third Nick Gentzel to second 2-1: Swinging Strike 2-2: Ball 3-2: SINGLE (Groundball, 56, EV 103.8 MPH) Josh Hoeye scores Nick Gentzel to third Runner from 3rd tries for Home, throw by LF and OUT! 7-2 Roberto Lemus to second
|
|
Pitching: LHP Gael Greene
|
|
|
Batting: RHB Colin Boddy
|
0-0: Ball 1-0: Foul Ball, location: 2F 1-1: Ball 2-1: Ball 3-1: Foul Ball, location: 2F 3-2: Base on Balls
|
|
Batting: RHB Tony Mendez
|
0-0: Ball 1-0: Swinging Strike 1-1: Fielders Choice at 2nd, 5-4 (Groundball, 56D, EV 86.3 MPH)
|
| Bottom of the 6th over - 1 run, 1 hit, 0 errors, 2 left on base; Sacramento 2 - Memphis 4 |
| TOP OF THE 7TH |
|
Sacramento River Cats batting - Pitching for Memphis Redbirds : RHP Josh Weinmann
|
|
Batting: LHB Nick Swank
|
0-0: Ground out U3 (Groundball, 34, EV 84.4 MPH)
|
|
Batting: LHB Fred Arends
|
0-0: Ball 1-0: Ball 2-0: Ball 3-0: Base on Balls
|
|
Batting: RHB Roberto Duron
|
0-0: Foul Ball, location: 2F 0-1: Foul Ball, location: 2F 0-2: Ball 1-2: Foul Ball, location: 2F 1-2: Ball 2-2: Ball 3-2: Base on Balls Fred Arends to second
|
|
Batting: SHB Jason Spradling
|
0-0: Ball 1-0: SINGLE (Groundball, 34D, EV 96.3 MPH) Fred Arends to third Roberto Duron to second Runner from 3rd tries for Home, SAFE, throw by RF to home
|
|
Pinch Runner at 2nd Josh Straub:
|
|
|
Batting: RHB John Shaffer
|
0-0: Ball 1-0: Called Strike 1-1: Ball 2-1: Swinging Strike 2-2: Foul Ball, location: 2F 2-2: Strikes out swinging
|
|
Batting: RHB Martin Guerrero
|
0-0: Ball 1-0: Foul Ball, location: 2F 1-1: Foul Ball, location: 2F 1-2: Ball 2-2: Foul Ball, location: 2F 2-2: Fly out, F5 (Popup, 6S, EV 62.5 MPH)
|
| Top of the 7th over - 1 run, 1 hit, 0 errors, 2 left on base; Sacramento 3 - Memphis 4 |
| BOTTOM OF THE 7TH |
|
Memphis Redbirds batting - Pitching for Sacramento River Cats : LHP Gael Greene
|
|
Pitching: LHP Shigeo Okawa
|
|
|
Now in CF: Josh Straub
|
|
|
Batting: SHB Luke Robbins
|
0-0: Ball 1-0: Foul Ball, location: 2F 1-1: Swinging Strike 1-2: Strikes out swinging
|
|
Batting: LHB Tom Butterbaugh
|
0-0: Ground out U3 (Groundball, 13, EV 85.6 MPH)
|
|
Batting: LHB Melvin Salgado
|
0-0: Ball 1-0: Swinging Strike 1-1: SINGLE (Line Drive, 4D, EV 95.6 MPH)
|
|
Batting: RHB Josh Hoeye
|
0-0: Ball 1-0: Foul Ball, location: 2F 1-1: Foul Ball, location: 2F 1-2: Foul Ball, location: 2F 1-2: SINGLE (Groundball, 25, EV 71.9 MPH) (infield hit) Melvin Salgado to second
|
|
Batting: RHB Nick Gentzel
|
0-0: Ball 1-0: Called Strike 1-1: Ball 2-1: Ground out 4-3 (Groundball, 4, EV 90.0 MPH)
|
| Bottom of the 7th over - 0 runs, 2 hits, 0 errors, 2 left on base; Sacramento 3 - Memphis 4 |
| TOP OF THE 8TH |
|
Sacramento River Cats batting - Pitching for Memphis Redbirds : RHP Josh Weinmann
|
|
Batting: SHB Danny Garcia
|
0-0: Ball 1-0: Ball 2-0: Foul Ball, location: 2F 2-1: Ball 3-1: Ground out 4-3 (Groundball, 34, EV 80.6 MPH)
|
|
Pitching: RHP Alex Schmitz
|
|
|
Batting: RHB Hugo Zacarias
|
0-0: Ball 1-0: Ball 2-0: Ground out 4-3 (Groundball, 4, EV 108.8 MPH)
|
|
Batting: LHB Juan Gonzalez
|
0-0: Called Strike 0-1: Swinging Strike 0-2: Ball 1-2: Strikes out swinging
|
| Top of the 8th over - 0 runs, 0 hits, 0 errors, 0 left on base; Sacramento 3 - Memphis 4 |
| BOTTOM OF THE 8TH |
|
Memphis Redbirds batting - Pitching for Sacramento River Cats : LHP Shigeo Okawa
|
|
Pitching: RHP Taiji Morita
|
|
|
Batting: SHB Quido van Erp
|
0-0: Ball 1-0: Ball 2-0: Called Strike 2-1: Ball 3-1: Ground out 4-3 (Groundball, 13, EV 90.0 MPH)
|
|
Batting: RHB Roberto Lemus
|
0-0: Fly out, F4 (Popup, 4M, EV 61.9 MPH)
|
|
Batting: RHB Colin Boddy
|
0-0: Called Strike 0-1: Foul Ball, location: 2F 0-2: Foul Ball, location: 2F 0-2: Ball 1-2: Strikes out swinging
|
| Bottom of the 8th over - 0 runs, 0 hits, 0 errors, 0 left on base; Sacramento 3 - Memphis 4 |
| TOP OF THE 9TH |
|
Sacramento River Cats batting - Pitching for Memphis Redbirds : RHP Alex Schmitz
|
|
Pitching: RHP Rodolfo Mendez
|
|
|
Now at 3B: Eric Chotkowski
|
|
|
Batting: LHB Nick Swank
|
0-0: DOUBLE (Line Drive, 9D, EV 98.1 MPH)
|
|
Batting: LHB Fred Arends
|
0-0: Called Strike 0-1: Ground out 6-3 (Groundball, 6, EV 80.6 MPH)
|
|
Batting: LHB Josh Straub
|
0-0: Ball 1-0: Ball 2-0: Ball 3-0: Called Strike 3-1: Foul Ball, location: 2F 3-2: Foul Ball, location: 2F 3-2: Foul Ball, location: 2F 3-2: Base on Balls
|
|
Pinch Runner at 2nd Jason Gress:
|
|
|
Batting: SHB Jason Spradling
|
0-0: Called Strike 0-1: Ball 1-1: Foul Ball, location: 2F 1-2: Grounds into double play, 6-4-3 (Groundball, 6, EV 99.4 MPH)
|
| Top of the 9th over - 0 runs, 1 hit, 0 errors, 1 left on base; Sacramento 3 - Memphis 4 |
|